[Event "39th Olympiad Khanty-Mansiysk 2010"]
[Site "Khanty-Mansiysk/Russia"]
[Date "2010.09.21"]
[Round "1"]
[White "Latorre, Manuel"]
[Black "Tkachiev, Vladislav"]
[Result "0-1"]
[WhiteElo "2284"]
[BlackElo "2632"]
[PlyCount "77"]
[EventDate "2010.??.??"]
[WhiteTeam "Paraguay"]
[BlackTeam "France"]
[WhiteTeamCountry "PAR"]
[BlackTeamCountry "FRA"]
[TimeControl "40/5400+30:1800+30"]

1. d4 d6 2. c4 e5 3. dxe5 dxe5 4. Qxd8+ Kxd8 5. Nc3 Be6 6. e3 c6 7. Bd2 Nd7 8.
O-O-O Kc7 9. Nf3 h6 10. Be2 a5 11. Na4 Ngf6 12. Be1 Be7 13. Nd2 Rhb8 14. f3 Nc5
15. Nc3 Nfd7 16. Bg3 f5 17. f4 Bf6 18. Nf3 e4 19. Nd4 Re8 20. h3 g6 21. Nxe6+
Rxe6 22. Bh2 a4 23. Kc2 Nd3 24. Bxd3 exd3+ 25. Rxd3 Nc5 26. Rd2 a3 27. e4 Nxe4
28. Nxe4 Rxe4 29. b3 Bd4 30. g3 Rae8 31. Bg1 Bxg1 32. Rxg1 Kb6 33. Rgd1 Kc5 34.
Kc3 b5 35. b4+ Kb6 36. c5+ Ka6 37. Rd6 Kb7 38. R1d3 Re1 39. Kd4 0-1

[Event "39th Olympiad Khanty-Mansiysk 2010"]
[Site "Khanty-Mansiysk/Russia"]
[Date "2010.09.21"]
[Round "1"]
[White "Ziaziulkina, Nastassia"]
[Black "Kim, Taegyeong"]
[Result "1-0"]
[WhiteElo "2284"]
[BlackElo "1508"]
[PlyCount "71"]
[EventDate "2010.??.??"]
[WhiteTeam "Belarus"]
[BlackTeam "Korea"]
[WhiteTeamCountry "BLR"]
[BlackTeamCountry "KOR"]
[TimeControl "40/5400+30:1800+30"]

1. e4 c5 2. Nf3 Nc6 3. d4 cxd4 4. Nxd4 g6 5. Nb3 Bg7 6. Nc3 Nf6 7. Be2 O-O 8.
O-O d6 9. Bg5 Be6 10. Kh1 Re8 11. f4 Bxb3 12. axb3 Nd7 13. Bg4 a6 14. Rf2 Nc5
15. Qe1 b5 16. Rb1 Bxc3 17. bxc3 Qb6 18. Rf3 b4 19. Rd1 bxc3 20. Rxc3 Qb4 21.
Rc4 Qxe1+ 22. Rxe1 f6 23. Bh4 a5 24. Bf2 h5 25. Bh3 g5 26. Bxc5 dxc5 27. Bd7
Ne5 28. fxe5 Red8 29. Be6+ Kg7 30. exf6+ exf6 31. Rxc5 Re8 32. Rc7+ Kh8 33. Bd5
Rad8 34. c4 Re5 35. Rf1 Rd6 36. h3 1-0

[Event "39th Olympiad Khanty-Mansiysk 2010"]
[Site "Khanty-Mansiysk/Russia"]
[Date "2010.09.21"]
[Round "1"]
[White "Videnova, Iva"]
[Black "Sischy, Monique Sian"]
[Result "1/2-1/2"]
[WhiteElo "2283"]
[BlackElo "1980"]
[PlyCount "174"]
[EventDate "2010.??.??"]
[WhiteTeam "Bulgaria"]
[BlackTeam "South Africa"]
[WhiteTeamCountry "BUL"]
[BlackTeamCountry "RSA"]
[TimeControl "40/5400+30:1800+30"]

1. e4 c5 2. Nf3 d6 3. d4 cxd4 4. Nxd4 Nf6 5. Nc3 a6 6. Bg5 e6 7. f4 Nc6 8. Qd2
Qc7 9. O-O-O b5 10. Nxc6 Qxc6 11. e5 b4 12. exf6 bxc3 13. Qxc3 Qxc3 14. bxc3 g6
15. g4 Rb8 16. Bg2 Bd7 17. Rhe1 Kd8 18. Kd2 d5 19. Rb1 Bd6 20. Rxb8+ Bxb8 21.
Bh6 Bd6 22. h4 Kc7 23. f5 gxf5 24. gxf5 Bg3 25. Rh1 Be5 26. Rf1 Rg8 27. Bh1 Rg4
28. fxe6 Bxe6 29. Bg5 h6 30. Bxh6 Rxh4 31. Be3 Rc4 32. Bd4 Bxd4 33. cxd4 Rxd4+
34. Ke3 Ra4 35. Ra1 Kd6 36. a3 Ke5 37. Bf3 Kxf6 38. Be2 Ke5 39. Kd2 a5 40. c4
Kd4 41. cxd5 Kxd5 42. Kc3 Rh4 43. Rd1+ Ke5 44. Bd3 Rh3 45. Re1+ Kd5 46. Rf1 Kc5
47. Rf4 Rh2 48. Re4 Rh5 49. Ra4 Kb6 50. Rd4 Rc5+ 51. Kd2 Kc7 52. Rf4 Rh5 53.
Kc3 Rc5+ 54. Kd2 Kd6 55. Rh4 Ke5 56. Re4+ Kf6 57. Rf4+ Kg5 58. Rd4 Bb3 59. Ke3
Be6 60. Rf4 Rc3 61. Rf2 Rxa3 62. Kd4 Ra4+ 63. Ke5 Rg4 64. Rf1 a4 65. Bf5 Rg2
66. Bxe6 Re2+ 67. Kd4 fxe6 68. Ra1 Kf5 69. Rf1+ Kg4 70. Ra1 Kf3 71. Rf1+ Kg2
72. Ra1 Kf3 73. Rf1+ Rf2 74. Ra1 Kg2 75. Ke4 Kg3 76. Rg1+ Rg2 77. Ra1 Kh4 78.
Ke5 Re2+ 79. Kf4 Kh5 80. Rxa4 Kg6 81. Re4 Rf2+ 82. Ke5 Kf7 83. Rf4+ Rxf4 84.
Kxf4 Kf6 85. Ke4 Kf7 86. Ke5 Ke7 87. Ke4 Kd6 1/2-1/2

[Event "39th Olympiad Khanty-Mansiysk 2010"]
[Site "Khanty-Mansiysk/Russia"]
[Date "2010.09.21"]
[Round "1"]
[White "Nemcova, Katerina"]
[Black "Emad, Tania"]
[Result "1-0"]
[WhiteElo "2283"]
[BlackElo "1955"]
[PlyCount "68"]
[EventDate "2010.??.??"]
[WhiteTeam "Czech Republic"]
[BlackTeam "Jordan"]
[WhiteTeamCountry "CZE"]
[BlackTeamCountry "JOR"]
[TimeControl "40/5400+30:1800+30"]

1. e4 Nf6 2. e5 Nd5 3. d4 d6 4. Nf3 Nc6 5. exd6 exd6 6. Be2 Be7 7. O-O O-O 8.
h3 Bf5 9. a3 Qd7 10. c4 Nf6 11. Nh4 d5 12. Nxf5 Qxf5 13. c5 Rfe8 14. Nc3 a6 15.
Bd3 Qd7 16. Bc2 h6 17. Bf4 Bf8 18. b4 Ne7 19. Qf3 Ng6 20. Bxh6 gxh6 21. Qxf6
Bg7 22. Qf3 Bxd4 23. Nxd5 Qc6 24. Rad1 Bg7 25. Qg3 Rac8 26. Bf5 Rcd8 27. Bxg6
fxg6 28. Ne7+ Rxe7 29. Rxd8+ Kh7 30. Qb3 Re8 31. Rfd1 Qe4 32. Qf7 Rxd8 33. Rxd8
Qe1+ 34. Kh2 Qe5+ 1-0

[Event "39th Olympiad Khanty-Mansiysk 2010"]
[Site "Khanty-Mansiysk/Russia"]
[Date "2010.09.21"]
[Round "1"]
[White "Berzina, Ilze"]
[Black "Al-Hammadi, Fatma"]
[Result "1-0"]
[WhiteElo "2283"]
[BlackElo "1829"]
[PlyCount "67"]
[EventDate "2010.??.??"]
[WhiteTeam "Latvia"]
[BlackTeam "United Arab Emirates"]
[WhiteTeamCountry "LAT"]
[BlackTeamCountry "UAE"]
[TimeControl "40/5400+30:1800+30"]

1. e4 e6 2. d4 d5 3. e5 c5 4. c3 Nc6 5. Nf3 Bd7 6. a3 Rc8 7. Be2 a6 8. O-O cxd4
9. cxd4 Nge7 10. Nc3 Nf5 11. Kh1 Na7 12. Bd3 Nb5 13. Ne2 Qb6 14. g4 Ne7 15. Be3
Na7 16. Qd2 Bb5 17. Bxb5+ Nxb5 18. Rac1 Nc6 19. Nf4 g6 20. Nd3 Be7 21. Nc5 Bxc5
22. Rxc5 h5 23. gxh5 Rxh5 24. Rfc1 Rc7 25. a4 Nba7 26. b4 Rc8 27. Bg5 Kd7 28.
b5 Na5 29. Qb4 Nc4 30. Rxd5+ Kc7 31. Rxc4+ Kb8 32. Rxc8+ Nxc8 33. Bd8 Qa7 34.
b6 1-0

[Event "39th Olympiad Khanty-Mansiysk 2010"]
[Site "Khanty-Mansiysk/Russia"]
[Date "2010.09.21"]
[Round "1"]
[White "Smith, Robert W"]
[Black "Bruzon Batista, Lazaro"]
[Result "0-1"]
[WhiteElo "2282"]
[BlackElo "2679"]
[PlyCount "96"]
[EventDate "2010.??.??"]
[WhiteTeam "New Zealand"]
[BlackTeam "Cuba"]
[WhiteTeamCountry "NZL"]
[BlackTeamCountry "CUB"]
[TimeControl "40/5400+30:1800+30"]

1. e4 c5 2. Nf3 e6 3. c3 Nf6 4. e5 Nd5 5. d4 cxd4 6. Qxd4 Nc6 7. Qe4 f5 8. Qe2
Qc7 9. g3 Nde7 10. Na3 Ng6 11. Nb5 Qb8 12. Bf4 a6 13. Nbd4 Nxd4 14. Nxd4 b5 15.
Bg2 Bb7 16. Bxb7 Qxb7 17. Qf3 Rb8 18. Qxb7 Rxb7 19. O-O Be7 20. b4 Kf7 21. a4
Rc8 22. axb5 axb5 23. Ne2 Rc4 24. f3 Bd8 25. Rfd1 Bb6+ 26. Kg2 Ba7 27. Rd3 Bb8
28. Re3 Ra7 29. Rxa7 Bxa7 30. Rd3 Ke8 31. h4 Bb8 32. h5 Ne7 33. Nd4 Nd5 34. Bd2
Bxe5 35. Nxb5 Rc8 36. g4 g6 37. hxg6 hxg6 38. gxf5 gxf5 39. f4 Nxf4+ 40. Bxf4
Bxf4 41. Rf3 Rc4 42. Na3 Re4 43. Kf2 Be5 44. c4 d6 45. Rh3 Kd7 46. Rh7+ Kc6 47.
b5+ Kb6 48. Rd7 Bd4+ 0-1

[Event "39th Olympiad Khanty-Mansiysk 2010"]
[Site "Khanty-Mansiysk/Russia"]
[Date "2010.09.21"]
[Round "1"]
[White "Zsiltzova-Lisenko, Lubov"]
[Black "Vega Gutierrez, Sabrina"]
[Result "1/2-1/2"]
[WhiteElo "2282"]
[BlackElo "2368"]
[PlyCount "136"]
[EventDate "2010.??.??"]
[WhiteTeam "IBC"]
[BlackTeam "Espana"]
[BlackTeamCountry "ESP"]
[TimeControl "40/5400+30:1800+30"]

1. e4 c5 2. Nf3 Nc6 3. d4 cxd4 4. Nxd4 Nf6 5. Nc3 e5 6. Ndb5 d6 7. Bg5 a6 8.
Bxf6 gxf6 9. Na3 b5 10. Nd5 Bg7 11. c3 f5 12. exf5 Bxf5 13. Nc2 O-O 14. Nce3
Be6 15. g4 b4 16. Bg2 bxc3 17. bxc3 Rc8 18. O-O Ne7 19. Qd3 h5 20. gxh5 f5 21.
Nxe7+ Qxe7 22. Nd5 Qf7 23. Nb6 e4 24. Qxd6 Rfd8 25. Qf4 Rc6 26. h6 Bf6 27. Rab1
Rd3 28. c4 Bd4 29. Nd5 Rxc4 30. h7+ Kh8 31. Rb8+ Rc8 32. Rxc8+ Bxc8 33. Rc1 Be6
34. Qb8+ Kxh7 35. Nf4 Rc3 36. Rxc3 Bxc3 37. Nxe6 Qxe6 38. Qf4 Be5 39. Qg5 Qg6
40. Qe7+ Bg7 41. a4 a5 42. Qh4+ Qh6 43. Qxh6+ Kxh6 44. f3 e3 45. Kf1 Kg5 46.
Ke2 Kf4 47. Bh3 Bh6 48. Bg2 Ke5 49. h4 Kf4 50. Bh3 Bf8 51. h5 Bh6 52. Kf1 Kxf3
53. Bg2+ Kg4 54. Ke2 Kxh5 55. Bf3+ Kg6 56. Bc6 Kf6 57. Bf3 Ke5 58. Bc6 Kd4 59.
Bd7 f4 60. Bc6 Kc5 61. Bf3 Bg7 62. Bg4 Bf6 63. Bf3 Bd8 64. Bg4 Bb6 65. Bf3 Kb4
66. Bc6 f3+ 67. Kxf3 Kc3 68. Ke2 Bc5 1/2-1/2

[Event "39th Olympiad Khanty-Mansiysk 2010"]
[Site "Khanty-Mansiysk/Russia"]
[Date "2010.09.21"]
[Round "1"]
[White "Aginian, Nelly"]
[Black "Melnik, Galina"]
[Result "1/2-1/2"]
[WhiteElo "2282"]
[BlackElo "1994"]
[PlyCount "108"]
[EventDate "2010.??.??"]
[WhiteTeam "Armenia"]
[BlackTeam "IPC"]
[WhiteTeamCountry "ARM"]
[TimeControl "40/5400+30:1800+30"]

1. e4 e5 2. Nf3 Nf6 3. Nxe5 d6 4. Nf3 Nxe4 5. d3 Nf6 6. d4 d5 7. c4 Be7 8. Nc3
c6 9. Bd3 O-O 10. O-O Re8 11. Qb3 h6 12. Bf4 Na6 13. a3 Rf8 14. Rfe1 Bd6 15.
Be5 dxc4 16. Bxc4 Nc7 17. Rad1 b5 18. Bd3 Ncd5 19. Nxd5 Nxd5 20. Rc1 Ne7 21.
Be4 Be6 22. Qe3 Nd5 23. Qd2 Rc8 24. Bb1 Ne7 25. Qf4 Ng6 26. Qg3 Bxe5 27. dxe5
Ne7 28. Red1 Bd5 29. Nd4 Qb6 30. Qd3 f5 31. exf6 Rxf6 32. Re1 Qb7 33. Qe3 Kf7
34. Be4 Qd7 35. Nf3 Qd6 36. Bxd5+ Nxd5 37. Qxa7+ Kg6 38. Qd4 Kh7 39. Rc2 Kg8
40. Rce2 Qc7 41. Qc5 Rcf8 42. Re8 Qd7 43. Rxf8+ Rxf8 44. Rc1 Nf4 45. Ne5 Qd2
46. Rf1 Ne2+ 47. Kh1 Nd4 48. Nxc6 Rxf2 49. Qd5+ Kh8 50. Rg1 Nxc6 51. Qxc6 Qxb2
52. Qe8+ Kh7 53. Qe4+ Kh8 54. Qe8+ Kh7 1/2-1/2

[Event "39th Olympiad Khanty-Mansiysk 2010"]
[Site "Khanty-Mansiysk/Russia"]
[Date "2010.09.21"]
[Round "1"]
[White "Calzetta Ruiz, Monica"]
[Black "Stolarczyk, Anna"]
[Result "1-0"]
[WhiteElo "2280"]
[BlackElo "2071"]
[PlyCount "65"]
[EventDate "2010.??.??"]
[WhiteTeam "Espana"]
[BlackTeam "IBC"]
[WhiteTeamCountry "ESP"]
[TimeControl "40/5400+30:1800+30"]

1. e4 c5 2. Nf3 d6 3. d4 cxd4 4. Nxd4 Nf6 5. Nc3 a6 6. Bg5 e6 7. Qe2 Be7 8. f4
Nbd7 9. O-O-O Qc7 10. g4 b5 11. Bg2 Bb7 12. e5 dxe5 13. fxe5 Nd5 14. Bxe7 Nxc3
15. bxc3 Kxe7 16. Bxb7 Qxb7 17. Rhf1 Rac8 18. Qe3 h6 19. g5 Qc7 20. gxh6 gxh6
21. Qf4 Rh7 22. Rd3 Nxe5 23. Qf6+ Ke8 24. Re3 Nc4 25. Rxe6+ Kf8 26. Rc6 Qd7 27.
Ne6+ Ke8 28. Rd1 Rxc6 29. Rxd7 Kxd7 30. Nf8+ Ke8 31. Qxc6+ Kxf8 32. Qc8+ Ke7
33. Qg8 1-0

[Event "39th Olympiad Khanty-Mansiysk 2010"]
[Site "Khanty-Mansiysk/Russia"]
[Date "2010.09.21"]
[Round "1"]
[White "Daly, Colm"]
[Black "Malakhov, Vladimir"]
[Result "0-1"]
[WhiteElo "2277"]
[BlackElo "2725"]
[PlyCount "78"]
[EventDate "2010.??.??"]
[WhiteTeam "Ireland"]
[BlackTeam "RU1"]
[WhiteTeamCountry "IRL"]
[TimeControl "40/5400+30:1800+30"]

1. Nf3 c5 2. c4 Nc6 3. Nc3 g6 4. e3 Bg7 5. d4 d6 6. Be2 Bg4 7. d5 Bxf3 8. Bxf3
Bxc3+ 9. bxc3 Ne5 10. Be2 f5 11. f4 Nf7 12. g4 Nf6 13. gxf5 gxf5 14. Bd3 Qd7
15. Qc2 Nh6 16. Rg1 O-O-O 17. Bd2 e6 18. Rg5 Kb8 19. O-O-O exd5 20. Bxf5 Nxf5
21. Qxf5 Ne4 22. Qxd7 Rxd7 23. Rxd5 Rg8 24. h4 Rg2 25. a3 Rdg7 26. Rg5 Nxg5 27.
hxg5 Rh2 28. Rg1 Kc7 29. Kc2 Re7 30. Rg3 Kd7 31. Kd3 d5 32. cxd5 c4+ 33. Kc2
Kd6 34. f5 Re5 35. e4 Rxe4 36. g6 hxg6 37. fxg6 Ree2 38. g7 Rxd2+ 39. Kc1 Rdg2
0-1

[Event "39th Olympiad Khanty-Mansiysk 2010"]
[Site "Khanty-Mansiysk/Russia"]
[Date "2010.09.21"]
[Round "1"]
[White "Flaquer, Luis"]
[Black "Stellwagen, Daniel"]
[Result "0-1"]
[WhiteElo "2274"]
[BlackElo "2635"]
[PlyCount "54"]
[EventDate "2010.??.??"]
[WhiteTeam "Dominican Republic"]
[BlackTeam "Netherlands"]
[WhiteTeamCountry "DOM"]
[BlackTeamCountry "NED"]
[TimeControl "40/5400+30:1800+30"]

1. e4 c5 2. Nf3 e6 3. d4 cxd4 4. Nxd4 a6 5. Nc3 b5 6. Bd3 Bb7 7. O-O Nc6 8.
Nxc6 Bxc6 9. Re1 Ne7 10. e5 Ng6 11. Qe2 Qc7 12. Qh5 b4 13. Nd1 Qb7 14. Bxg6
fxg6 15. Qg4 Rc8 16. Bg5 Bc5 17. Be3 Be7 18. Bg5 Bxg5 19. Qxg5 O-O 20. Ne3 Be4
21. Re2 h6 22. Qe7 Rf7 23. Qd6 g5 24. a3 Qb5 25. Rd2 bxa3 26. b3 Rc3 27. Rxa3
Rxe3 0-1

[Event "39th Olympiad Khanty-Mansiysk 2010"]
[Site "Khanty-Mansiysk/Russia"]
[Date "2010.09.21"]
[Round "1"]
[White "Maisuradze, Nino"]
[Black "Wilson, Julie"]
[Result "1-0"]
[WhiteElo "2273"]
[BlackElo "1893"]
[PlyCount "73"]
[EventDate "2010.??.??"]
[WhiteTeam "France"]
[BlackTeam "Wales"]
[WhiteTeamCountry "FRA"]
[BlackTeamCountry "WLS"]
[TimeControl "40/5400+30:1800+30"]

1. d4 Nf6 2. Nf3 e6 3. e3 b6 4. Bd3 Bb7 5. O-O d5 6. Qe2 Nbd7 7. Ne5 Bd6 8. f4
O-O 9. a4 Ne4 10. a5 Nxe5 11. fxe5 Be7 12. a6 Bc6 13. Qg4 Qd7 14. Bxe4 dxe4 15.
Nc3 Kh8 16. Rd1 Rad8 17. b3 Bb4 18. Nxe4 Qd5 19. Ng5 Bc3 20. Ba3 Bxa1 21. Bxf8
Rxf8 22. Rxa1 h6 23. c4 Qd8 24. Nf3 b5 25. e4 bxc4 26. bxc4 Qb8 27. Qh4 Qb2 28.
Rf1 Qa3 29. d5 exd5 30. exd5 Ba4 31. Qd4 c5 32. dxc6 Bxc6 33. Qxa7 Qc3 34. Qd4
Qa5 35. Ra1 Qb4 36. Qd6 Qxd6 37. exd6 1-0

[Event "39th Olympiad Khanty-Mansiysk 2010"]
[Site "Khanty-Mansiysk/Russia"]
[Date "2010.09.21"]
[Round "1"]
[White "Igla, Bella"]
[Black "Ostry, Irina"]
[Result "0-1"]
[WhiteElo "2271"]
[BlackElo "2197"]
[PlyCount "98"]
[EventDate "2010.??.??"]
[WhiteTeam "Israel"]
[BlackTeam "Kyrgyzstan"]
[WhiteTeamCountry "ISR"]
[BlackTeamCountry "KGZ"]
[TimeControl "40/5400+30:1800+30"]

1. d4 Nf6 2. c4 e6 3. Nc3 Bb4 4. Qc2 b6 5. Bg5 Bb7 6. e3 O-O 7. Nge2 d5 8. cxd5
exd5 9. g3 h6 10. Bxf6 Qxf6 11. Bg2 Re8 12. O-O c6 13. Nf4 Bxc3 14. bxc3 Nd7
15. Rfe1 Qd6 16. c4 dxc4 17. Qxc4 Rab8 18. Red1 Nf6 19. Rac1 Qa3 20. Rc3 Qa5
21. Qd3 g5 22. Ra3 Qb5 23. Rb1 Qxd3 24. Nxd3 Ra8 25. Rc1 Ne4 26. Bxe4 Rxe4 27.
Ne5 c5 28. f3 Rxe5 29. dxe5 Bxf3 30. Rd3 Bg4 31. Rd6 Kg7 32. Rc4 Be6 33. Ra4 c4
34. Rd1 b5 35. Ra5 b4 36. Rb5 a5 37. Ra1 c3 38. Kf2 Rd8 39. Rxa5 Rd2+ 40. Kf3
Bxa2 41. Rc5 Be6 42. Ra4 Rb2 43. e4 c2 44. Ra6 b3 45. Rc7 Kg6 46. Rc8 Rb1 47.
Rg8+ Kh7 48. Raa8 Rf1+ 49. Kg2 c1=Q 0-1

[Event "39th Olympiad Khanty-Mansiysk 2010"]
[Site "Khanty-Mansiysk/Russia"]
[Date "2010.09.21"]
[Round "1"]
[White "Samhouri, Bilal"]
[Black "Balogh, Csaba"]
[Result "1/2-1/2"]
[WhiteElo "2269"]
[BlackElo "2608"]
[PlyCount "119"]
[EventDate "2010.??.??"]
[WhiteTeam "Jordan"]
[BlackTeam "Hungary"]
[WhiteTeamCountry "JOR"]
[BlackTeamCountry "HUN"]
[TimeControl "40/5400+30:1800+30"]

1. d4 Nf6 2. Nf3 e6 3. c4 b6 4. a3 Bb7 5. Nc3 d5 6. cxd5 Nxd5 7. e3 Be7 8. Bd3
O-O 9. O-O Nxc3 10. bxc3 c5 11. Qe2 Nc6 12. Bb2 Qc7 13. Rac1 Rfd8 14. Rfd1 Rac8
15. c4 Na5 16. Ne5 g6 17. Qg4 Bf6 18. Qf4 Bg7 19. dxc5 bxc5 20. Bc3 Nc6 21.
Nxc6 Qxc6 22. Qg3 Bxc3 23. Rxc3 Qa4 24. Qg4 Be4 25. Qe2 Rd6 26. Bc2 Rxd1+ 27.
Bxd1 Qa5 28. Qb2 Rd8 29. Be2 Rd7 30. Kf1 Qd8 31. f3 Rd2 32. Qc1 Bc6 33. Rc2 Rd7
34. Rb2 Qc7 35. Kg1 Qe5 36. Rb3 Kg7 37. Qb2 Kf6 38. Kf2 g5 39. Qxe5+ Kxe5 40.
Rb8 Rd2 41. Rc8 Kd6 42. Rd8+ Bd7 43. Ra8 f5 44. Rxa7 h5 45. Ra6+ Bc6 46. Ra7
Ra2 47. Rh7 Be8 48. Ra7 g4 49. Ra8 Ke7 50. Ra5 Kd6 51. Ra8 Bc6 52. Rh8 gxf3 53.
gxf3 Ba4 54. Kf1 Rxa3 55. Kf2 Ra2 56. Kf1 Ra1+ 57. Kf2 Ra2 58. Kf1 Ra1+ 59. Kf2
Ra2 60. Kf1 1/2-1/2

[Event "39th Olympiad Khanty-Mansiysk 2010"]
[Site "Khanty-Mansiysk/Russia"]
[Date "2010.09.21"]
[Round "1"]
[White "Jere, Daniel"]
[Black "Buhmann, Rainer"]
[Result "0-1"]
[WhiteElo "2267"]
[BlackElo "2563"]
[PlyCount "92"]
[EventDate "2010.??.??"]
[WhiteTeam "Zambia"]
[BlackTeam "Germany"]
[WhiteTeamCountry "ZAM"]
[BlackTeamCountry "GER"]
[TimeControl "40/5400+30:1800+30"]

1. c4 c6 2. g3 d5 3. Bg2 Nf6 4. Nf3 dxc4 5. Qc2 g6 6. Qxc4 Bg7 7. O-O O-O 8.
Nc3 Nbd7 9. d4 Nb6 10. Qd3 Be6 11. Rd1 Qc8 12. Bg5 h6 13. Bxf6 exf6 14. e4 f5
15. e5 Rd8 16. Qe2 Rd7 17. Ne1 Qd8 18. Nc2 Qe7 19. b3 Rad8 20. Rd2 f6 21. exf6
Qxf6 22. Rad1 Bf7 23. g4 Re7 24. Qf3 fxg4 25. Qxg4 h5 26. Qg3 h4 27. Qf3 Be6
28. Qxf6 Bxf6 29. Ne3 Kg7 30. Ne4 Bd5 31. Nc5 Bxg2 32. Kxg2 Nd5 33. Nc4 b6 34.
Na6 Nc3 35. Ne5 h3+ 36. Kf1 Nxd1 37. Nxc6 Rc8 38. Nxe7 Rc1 39. Ke2 Nc3+ 40. Kf3
Bxe7 41. Nc7 Nb1 42. Ne6+ Kf6 43. Re2 Nc3 44. Re3 Nd5 45. Re2 Rc6 46. Nf4 Rc3+
0-1

[Event "39th Olympiad Khanty-Mansiysk 2010"]
[Site "Khanty-Mansiysk/Russia"]
[Date "2010.09.21"]
[Round "1"]
[White "AlHuwar, Jasem"]
[Black "Hracek, Zbynek"]
[Result "1/2-1/2"]
[WhiteElo "2265"]
[BlackElo "2633"]
[PlyCount "73"]
[EventDate "2010.??.??"]
[WhiteTeam "United Arab Emirates"]
[BlackTeam "Czech Republic"]
[WhiteTeamCountry "UAE"]
[BlackTeamCountry "CZE"]
[TimeControl "40/5400+30:1800+30"]

1. Nf3 c5 2. c4 Nc6 3. d4 cxd4 4. Nxd4 Nf6 5. Nc3 e6 6. g3 Bc5 7. Nb3 Be7 8.
Bg2 b6 9. O-O Ba6 10. Nd4 Nxd4 11. Qxd4 Rc8 12. b3 O-O 13. Bb2 Qc7 14. Rfd1
Rfd8 15. Rac1 Qb8 16. e4 Bc5 17. Qd3 Ng4 18. Rc2 Ne5 19. Qe2 Bb7 20. Rcd2 Bc6
21. h3 a6 22. a4 Ng6 23. Kh1 e5 24. Qg4 Re8 25. h4 h6 26. Nd5 Bxd5 27. exd5 d6
28. Be4 Nf8 29. Re2 Rcd8 30. Bc1 Kh8 31. Qh5 Qc7 32. g4 Kg8 33. g5 Qd7 34. Rd3
g6 35. Qxh6 Qg4 36. Rf3 Rd7 37. Re1 1/2-1/2

[Event "39th Olympiad Khanty-Mansiysk 2010"]
[Site "Khanty-Mansiysk/Russia"]
[Date "2010.09.21"]
[Round "1"]
[White "Linster, Philippe"]
[Black "Macieja, Bartlomiej"]
[Result "0-1"]
[WhiteElo "2264"]
[BlackElo "2651"]
[PlyCount "74"]
[EventDate "2010.??.??"]
[WhiteTeam "Luxembourg"]
[BlackTeam "Poland"]
[WhiteTeamCountry "LUX"]
[BlackTeamCountry "POL"]
[TimeControl "40/5400+30:1800+30"]

1. d4 e6 2. c4 Nf6 3. Nc3 Bb4 4. Nf3 c5 5. g3 Nc6 6. Bg2 Ne4 7. Bd2 Nxd2 8.
Qxd2 cxd4 9. Nxd4 Qb6 10. e3 Ne5 11. b3 Qa5 12. Nde2 Ba3 13. O-O a6 14. Rad1
Rb8 15. Qd4 O-O 16. Nb5 axb5 17. Qxe5 d6 18. Qh5 Bd7 19. Rd4 Bc5 20. Rh4 h6 21.
Nf4 bxc4 22. Be4 f5 23. Ng6 Rf7 24. Bc2 Qxa2 25. Qg5 Qb2 26. Ne7+ Kf8 27. Ng6+
Ke8 28. Qh5 Kd8 29. Nh8 Rf6 30. Rxc4 b5 31. Rxc5 dxc5 32. Bd3 Kc7 33. Nf7 Be8
34. Qf3 Rxf7 35. Rd1 Bc6 36. Qf4+ e5 37. Qh4 Rd7 0-1

[Event "39th Olympiad Khanty-Mansiysk 2010"]
[Site "Khanty-Mansiysk/Russia"]
[Date "2010.09.21"]
[Round "1"]
[White "Medic, Mirjana"]
[Black "Perez, Dalila"]
[Result "1-0"]
[WhiteElo "2264"]
[BlackElo "1684"]
[PlyCount "87"]
[EventDate "2010.??.??"]
[WhiteTeam "Croatia"]
[BlackTeam "Paraguay"]
[WhiteTeamCountry "CRO"]
[BlackTeamCountry "PAR"]
[TimeControl "40/5400+30:1800+30"]

1. d4 e6 2. c4 d5 3. Nc3 Nf6 4. Nf3 Be7 5. Bf4 O-O 6. e3 c6 7. h3 h6 8. Bd3 Bd6
9. Ne5 Qe7 10. O-O Nbd7 11. Nxd7 Bxd7 12. Bxd6 Qxd6 13. c5 Qc7 14. f4 b6 15. b4
a5 16. a3 Bc8 17. cxb6 Qxb6 18. Na4 Qd8 19. Nc5 Nd7 20. Qa4 Nxc5 21. bxc5 Ba6
22. Bxa6 Rxa6 23. Rab1 Qc7 24. Qb3 Rfa8 25. Qd3 a4 26. Rb4 R6a7 27. Rfb1 g6 28.
Rb6 Kg7 29. R1b4 Qc8 30. Qb1 Ra6 31. Rb8 Qc7 32. Rxa8 Rxa8 33. Rb7 Qa5 34. Qb4
Qa6 35. Kf2 Qd3 36. Rxf7+ Kxf7 37. Qb7+ Kf6 38. Qxa8 Qd2+ 39. Kf3 Qd1+ 40. Kg3
Qe1+ 41. Kh2 Kf5 42. Qxc6 Qxe3 43. Qd6 Qxd4 44. c6 1-0

[Event "39th Olympiad Khanty-Mansiysk 2010"]
[Site "Khanty-Mansiysk/Russia"]
[Date "2010.09.21"]
[Round "1"]
[White "Samuelsen, Carl Eli Nolso"]
[Black "Hess, Robert Lee"]
[Result "0-1"]
[WhiteElo "2262"]
[BlackElo "2596"]
[PlyCount "76"]
[EventDate "2010.??.??"]
[WhiteTeam "Faroe Islands"]
[BlackTeam "United States"]
[WhiteTeamCountry "FAI"]
[BlackTeamCountry "USA"]
[TimeControl "40/5400+30:1800+30"]

1. e4 d6 2. d4 Nf6 3. Nc3 c6 4. Nf3 Bg4 5. Be3 Nbd7 6. Qd2 e5 7. Be2 Be7 8. O-O
O-O 9. Ne1 Bxe2 10. Qxe2 Re8 11. Nd3 Bf8 12. dxe5 dxe5 13. f3 b5 14. Qf2 Qc7
15. Rfd1 a5 16. Rd2 Reb8 17. Nc5 Nxc5 18. Bxc5 Nd7 19. Bxf8 Nxf8 20. Rad1 a4
21. Ne2 Ne6 22. Rd7 Rd8 23. R7d3 h6 24. Kf1 Qe7 25. Qb6 Rdc8 26. Qe3 Qb4 27.
Qc1 Qc4 28. a3 b4 29. axb4 Qxb4 30. c3 Qc4 31. Qe3 Rcb8 32. Qc1 Rb3 33. Qc2
Rab8 34. Ra1 Rxb2 35. Rxa4 Rxc2 36. Rxc4 Rb1+ 37. Kf2 Rbb2 38. Re3 Nf4 0-1

[Event "39th Olympiad Khanty-Mansiysk 2010"]
[Site "Khanty-Mansiysk/Russia"]
[Date "2010.09.21"]
[Round "1"]
[White "Markov, Mikhail"]
[Black "Wang, Hao"]
[Result "0-1"]
[WhiteElo "2261"]
[BlackElo "2724"]
[PlyCount "66"]
[EventDate "2010.??.??"]
[WhiteTeam "Kyrgyzstan"]
[BlackTeam "China"]
[WhiteTeamCountry "KGZ"]
[BlackTeamCountry "CHN"]
[TimeControl "40/5400+30:1800+30"]

1. c4 Nf6 2. Nf3 g6 3. Nc3 Bg7 4. d4 d5 5. Bf4 O-O 6. e3 c5 7. dxc5 Ne4 8. Be5
Nxc3 9. Bxc3 Bxc3+ 10. bxc3 Qa5 11. Qb3 dxc4 12. Qxc4 Na6 13. Nd4 Nxc5 14. Be2
e5 15. Nb3 Nxb3 16. Qxb3 Be6 17. Qb4 Qxb4 18. cxb4 Rac8 19. O-O Rc2 20. Bf3
Bxa2 21. Rfc1 Rb2 22. h3 b6 23. Rc7 Be6 24. Bg4 f5 25. Re7 fxg4 26. Rxe6 Rfxf2
27. Rxa7 Rxg2+ 28. Kh1 Rh2+ 29. Kg1 Rbg2+ 30. Kf1 Rf2+ 31. Ke1 g3 32. Re8+ Rf8
33. Ree7 Rxh3 0-1

[Event "39th Olympiad Khanty-Mansiysk 2010"]
[Site "Khanty-Mansiysk/Russia"]
[Date "2010.09.21"]
[Round "1"]
[White "Geldiyeva, Mahri"]
[Black "Lkhamsuren, Uuganbayar"]
[Result "1-0"]
[WhiteElo "2260"]
[BlackElo "2206"]
[PlyCount "77"]
[EventDate "2010.??.??"]
[WhiteTeam "Turkmenistan"]
[BlackTeam "Mongolia"]
[WhiteTeamCountry "TKM"]
[BlackTeamCountry "MGL"]
[TimeControl "40/5400+30:1800+30"]

1. d4 e6 2. Nf3 Nf6 3. e3 d5 4. Bd3 c5 5. c3 Nc6 6. Nbd2 cxd4 7. exd4 Bd6 8.
O-O O-O 9. Re1 Re8 10. Ne5 Qc7 11. f4 a6 12. Re3 Bf8 13. Rh3 g6 14. g4 Bg7 15.
g5 Nd7 16. Qe1 Nf8 17. Ndf3 Ne7 18. Qf2 Nf5 19. Bd2 Nd6 20. Re1 b5 21. a3 Nc4
22. Bc1 a5 23. Qh4 Qd8 24. Ng4 Nd6 25. Nfe5 Bb7 26. Qf2 Rb8 27. Nh6+ Bxh6 28.
Rxh6 Nf5 29. Rh3 Ba8 30. Ng4 Nd7 31. Bd2 Bc6 32. Ne5 Nxe5 33. fxe5 Qe7 34. Bxf5
exf5 35. Rh6 Kg7 36. Qh4 Rh8 37. e6 Rbe8 38. Bf4 fxe6 39. Be5+ 1-0

[Event "39th Olympiad Khanty-Mansiysk 2010"]
[Site "Khanty-Mansiysk/Russia"]
[Date "2010.09.21"]
[Round "1"]
[White "Nguyen, Thi Mai Hung"]
[Black "Senanayake, P."]
[Result "1-0"]
[WhiteElo "2258"]
[BlackElo "1858"]
[PlyCount "63"]
[EventDate "2010.??.??"]
[WhiteTeam "Vietnam"]
[BlackTeam "Sri Lanka"]
[WhiteTeamCountry "VIE"]
[BlackTeamCountry "SRI"]
[TimeControl "40/5400+30:1800+30"]

1. d4 Nf6 2. Bf4 e6 3. e3 d5 4. Nf3 c5 5. c3 Bd6 6. Bg3 Bxg3 7. hxg3 Qd6 8.
Nbd2 Nc6 9. Bd3 a6 10. Qe2 e5 11. e4 cxd4 12. exd5 Qxd5 13. Bc4 Qd6 14. cxd4
Nxd4 15. Nxd4 Qxd4 16. Nf3 Qc5 17. Qxe5+ Qxe5+ 18. Nxe5 O-O 19. O-O Bf5 20.
Rfe1 Rac8 21. Rac1 Bg6 22. g4 Rc7 23. f4 Rfc8 24. f5 b5 25. fxg6 bxc4 26. g5
Nd5 27. gxf7+ Kf8 28. Rf1 Nb4 29. g6 h6 30. Rfe1 a5 31. Rxc4 Rxc4 32. Nd7# 1-0